 Dungeon Crawl Stone Soup version 0.29.1-1-gd02db6906a (webtiles) character file.

Game seed: 5373816692283559467

37119 RascalDebosk the Nimble (level 13, -10/79 HPs)
             Began as a Merfolk Ice Elementalist on Sept 25, 2022.
             Was an Elder of Sif Muna.
             Shot with a bolt by a yaktaur (15 damage)
             ... on level 15 of the Dungeon.
             The game lasted 03:21:49 (19859 turns).

RascalDebosk the Nimble (Merfolk Ice Elementalist) Turns: 19859, Time: 03:21:49

Health: -10/79     AC: 19    Str:  9    XL:     13   Next: 94%
Magic:  24/26      EV: 13    Int: 24    God:    Sif Muna [****..]
Gold:   187        SH:  0    Dex: 10    Spells: 6/31 levels left

rFire   . . .      SeeInvis +   E - +12 hand axe of Pain and Death {drain, rC+ rN+ Dex-4 SInv}
rCold   + . .      Faith    .   (no shield)
rNeg    + + .      Spirit   .   b - +0 swamp dragon scales
rPois   +          Reflect  .   K - +1 hat "Hikoujas" {rN+ Will+ Int+5}
rElec   .          Harm     .   m - +2 cloak {rCorr}
rCorr   +          Rampage  .   G - +2 pair of gloves
Will    +....                   c - +0 pair of boots
Stlth   ++++......              l - amulet of regeneration
HPRegen 1.03/turn               d - +4 ring of protection
MPRegen 0.20/turn               A - ring of see invisible

@: no status effects
A: (nimble swimmer 2), mertail
a: Renounce Religion, Channel Magic, Forget Spell, Divine Exegesis


You were on level 15 of the Dungeon.
You worshipped Sif Muna.
Sif Muna was greatly pleased with you.
You visited 2 branches of the dungeon, and saw 16 of its levels.
You also visited: Sewer.

You collected 784 gold pieces.
You spent 597 gold pieces at shops.

Inventory:

Hand Weapons
 p - a +2 broad axe of flaming
 E - the +12 hand axe of Pain and Death (weapon) {drain, rC+ rN+ Dex-4 SInv}
   (You found it on level 4 of the Dungeon)

   A truly terrible weapon, it drains the life of any living foe it strikes.
   Dex:       It affects your dexterity (-4).
   rC:        It protects you from cold.
   rN:        It protects you from negative energy.
   SInv:      It lets you see invisible.
Armour
 b - +0 swamp dragon scales (worn)
 c - a +0 pair of boots (worn)
 m - a +2 cloak of preservation (worn)
 G - a +2 pair of gloves (worn)
 K - the +1 hat "Hikoujas" (worn) {rN+ Will+ Int+5}
   (You bought it in a shop on level 7 of the Dungeon)

   Int:       It affects your intelligence (+5).
   rN:        It protects you from negative energy.
   Will:      It increases your willpower.
Magical Staves
 s - a staff of fire
Jewellery
 d - a +4 ring of protection (left hand)
 h - an amulet of reflection
 l - an amulet of regeneration (around neck)
 A - a ring of see invisible (right hand)
 C - a ring of poison resistance
Wands
 k - a wand of charming (16)
 y - a wand of polymorph (4)
 J - a wand of iceblast (14)
 L - a wand of flame (8)
 N - a wand of acid (4)
Scrolls
 a - a scroll of immolation
 f - a scroll of fog
 g - 2 scrolls of blinking
 i - 4 scrolls of identify
 j - 2 scrolls of fear
 t - 4 scrolls of teleportation
 u - 2 scrolls of amnesia
 v - a scroll of magic mapping
 w - 3 scrolls of vulnerability
 B - a scroll of summoning
 F - a scroll of poison
Potions
 e - 2 potions of might
 n - 2 potions of haste
 o - 5 potions of cancellation
 q - a potion of berserk rage
 r - 3 potions of heal wounds
 x - a potion of flight
 z - a potion of mutation
 D - 13 potions of curing
 H - a potion of brilliance
 I - 2 potions of lignification
 M - a potion of magic
 O - a potion of invisibility


   Skills:
 - Level 4.6 Axes
 + Level 13.5 Dodging
 + Level 12.2 Stealth
 + Level 9.5 Spellcasting
 - Level 8.0 Conjurations
 - Level 10.0 Ice Magic
 + Level 4.4 Air Magic
 + Level 4.0 Poison Magic
 + Level 7.6 Invocations


You had 6 spell levels left.
You knew the following spells:

 Your Spells              Type           Power      Damage    Failure   Level
a - Freeze                Ice            100%       1d11      1%          1
b - Frozen Ramparts       Ice            100%       1d16      1%          3
c - Ozocubu's Armour      Ice            56%        N/A       1%          3
d - Hailstorm             Conj/Ice       53%        3d12      3%          4
e - Shock                 Conj/Air       100%       1d9       1%          1
f - Swiftness             Air            32%        N/A       8%          3
g - Poisonous Vapours     Pois/Air       62%        N/A       4%          2
h - Airstrike             Air            16%        2d(3-19)  26%         4
i - Olgreb's Toxic Radia  Pois           30%        N/A       30%         4

Your spell library contained the following spells:

 Spells                   Type           Power      Damage    Failure   Level
 Sting                    Tmut/Pois      84%        1d7       7%          1
 Dazzling Flash           Conj/Hex       60%        N/A       9%          3
 Sublimation of Blood     Necr           11%        N/A       24%         2
 Wereblood                Tmut           11%        N/A       24%         2
 Gell's Gravitas          Tloc           11%        N/A       43%         3
 Lesser Beckoning         Tloc           11%        N/A       43%         3
 Teleport Other           Tloc           11%        N/A       43%         3
 Silence                  Hex/Air        11%        N/A       86%         5
 Agony                    Necr           11%        N/A       99%         5
 Summon Hydra             Summ           5%         N/A       100%        7


Dungeon Overview and Level Annotations

Branches:
Dungeon (15/15)            Temple (1/1) D:6            Lair (0/5) D:10
    Orc (0/2) D:12         Vaults (0/5) D:13         Depths (0/4) D:15
  Sewer (visited)

Altars:
Ashenzari
Cheibriados
Dithmenos
Elyvilon
Fedhas
Gozag
Hepliaklqana
Kikubaaqudgha
Makhleb
Nemelex Xobeh
Okawaru
Qazlal
Ru
Sif Muna
Trog
Uskayaw
Vehumet
Wu Jian
Xom
Yredelemnul
Zin
The Shining One

Shops:
D:5 !   D:7 *[

Annotations:
D:9 1 runed translucent door, exclusion: 4 orange crystal statues
D:12 1 exclusion
D:14 2 runed translucent doors, Jiolyugh's ghost, journeyman GrEE


Innate Abilities, Weirdness & Mutations

((You are very nimble when in or above water. (Stealth+, EV+, Speed+++)))
Your lower body shifts to a powerful aquatic tail in water.


Message History

Press: ? - help, Shift-Dir - straight line, f/p - meliai
Aim: a meliai, wielding a +0 hand axe and wearing a +0 leather armour (heavily wounded, 60% to hit)
The zap hits the meliai!
The meliai is almost dead.
* * * LOW MAGIC WARNING * * *
You feel sick.
The wall freezes the meliai.
The meliai hits you but does no damage. The meliai stings you.
* * * LOW HITPOINT WARNING * * *
The wall freezes the meliai.
You kill the meliai!
Sif Muna accepts your kill.
Your Poison Magic skill increases to level 4!
The frozen ramparts melt away as you move.
You feel sick.
Things that are here:
a +0 hand axe; a +0 leather armour; a meliai corpse You start resting.
You feel sick. x5
You start to feel a little slower.
You feel sick.
You are no longer poisoned.
You start resting.
You feel sluggish.
You start resting.
You start to feel a little faster.
You start resting.
You no longer feel sluggish.
You start resting.
HP restored.
You start resting.
Magic restored.
You start waiting.
Done waiting.
Found a potion of invisibility.
O - a potion of invisibility
Found 5 gold pieces.
You now have 166 gold pieces (gained 5).
D - 13 potions of curing (gained 1)
r - 3 potions of heal wounds (gained 1)
Found a stone staircase leading down.
There is a stone staircase leading down here.
Found 7 stones.
You see here 7 stones.
You now have 187 gold pieces (gained 21).
Found a stone staircase leading up.
You open the door.
There is an open door here.
There is an open door here.
i - 4 scrolls of identify (gained 1)
The frost giant shouts!
You hear a shout!
The lich shouts!
You hear a shout!
There is a stone staircase leading down here.
You climb downwards.
There is a stone staircase leading up here.
You climb upwards.
Level annotation: 2 runed translucent doors, Jiolyugh's ghost, journeyman GrEE
There is a stone staircase leading down here.
There is a stone staircase leading down here.
You climb downwards.
The fire giant shouts!
The yaktaur shouts!
Found a shortbow.
There is a stone staircase leading up here.
The yaktaur wields a +0 arbalest.
The yaktaur shoots a bolt.
The bolt barely misses you.
The yaktaur shouts!
You hear a shout! x2
A yaktaur comes into view.
The yaktaur wields a +0 arbalest.
The yaktaur shoots a bolt.
The bolt hits you!
A yaktaur comes into view.
Casting: Shock (safe; 1% risk of failure)
Confirm with . or Enter, or press ? or * to list all spells.
Aiming: Shock (safe; 1% risk of failure)
Press: ? - help, Shift-Dir - straight line, f - yaktaur
Aim: a yaktaur (94% to hit)
The zap hits the yaktaur.
The yaktaur is lightly wounded.
The zap hits the yaktaur but does no damage.
The yaktaur wields a +0 arbalest.
The yaktaur shoots a bolt.
The bolt hits you!
The yaktaur shoots a bolt.
The bolt hits you!
Found a staircase to the Depths.
Casting: Shock (safe; 1% risk of failure)
Confirm with . or Enter, or press ? or * to list all spells.
Aiming: Shock (safe; 1% risk of failure)
Press: ? - help, Shift-Dir - straight line, f/p - yaktaur
Aim: a yaktaur (lightly wounded, 94% to hit)
The zap hits the yaktaur.
The yaktaur is lightly wounded.
The zap hits the yaktaur.
The yaktaur is lightly wounded.
The yaktaur wields a +2 arbalest of freezing.
It is covered in frost.
The yaktaur shoots a bolt.
The bolt hits you!!
* * * LOW HITPOINT WARNING * * *
The bolt freezes you!
* * * LOW HITPOINT WARNING * * *
The yaktaur wields a +0 arbalest.
The yaktaur shoots a bolt.
The bolt hits you!
* * * LOW HITPOINT WARNING * * *
The yaktaur shoots a bolt.
The bolt closely misses you.
The yaktaur shoots a bolt.
The bolt hits you.
* * * LOW HITPOINT WARNING * * *
The yaktaur shoots a bolt.
The bolt closely misses you.
The yaktaur shoots a bolt.
The bolt hits you!
You die...

§§.>.≈ #≈..# §
≈..C≈ ≈).. # ≈≈
≈≈≈≈ §≈.##..
≈#≈ ≈≈≈#§......
≈≈≈≈#§≈≈≈......
..≈§§§≈........
...§.§......cc.
.......@.....c.
.............c.
.........##...#
.......... #..
........... c
......##....
...... .....
...... ...#..


You could see a fire giant and 5 yaktaurs.

Vanquished Creatures
  A minotaur (D:13)
  5 vault guards (D:13)
  3 hydras
  4 two-headed ogres
  4 centaur warriors
  A deep elf knight (D:13)
  2 wizards (D:13)
  Pikel (D:5)
  A deep elf pyromancer (D:13)
  An ugly thing (D:13)
  6 cyclopes
  7 manticores
  2 gargoyles
  Psyche (D:10)
  Maggie (D:8)
  An unseen horror (D:13)
  A komodo dragon (D:11)
  2 yaktaurs (D:13)
  6 trolls
  3 meliai (D:14)
  A hornet (D:10)
  12 slime creatures
  A vampire (D:12)
  A wraith (D:10)
  5 wyverns
  2 basilisks (D:10)
  A shadow (D:11)
  16 yaks
  2 steam dragons
  3 vampire mosquitoes (D:13)
  Menkaure (D:5)
  Edmund (D:6)
  A water moccasin (D:7)
  An acid dragon (D:10)
  A sky beast (D:6)
  2 ice beasts
  7 orc warriors
  5 boggarts (D:14)
  14 centaurs
  An ogre (D:4)
  6 kobold brigands
  2 gnoll sergeants
  7 bullfrogs
  4 scorpions
  18 wights
  7 killer bees
  10 howler monkeys
  2 jellies
  3 hounds (D:6)
  Crazy Yiuf (D:5)
  6 orc priests
  An iron imp (D:4)
  8 iguanas
  8 orc wizards
  12 gnolls
  7 river rats (Sewer)
  7 adders
  2 shadow imps
  2 white imps (D:5)
  2 ufetubi
  A worm (D:4)
  A dart slug (D:3)
  33 orcs
  10 ball pythons
  4 bats
  9 endoplasms
  3 giant cockroaches
  4 hobgoblins
  7 jackals
  26 kobolds
  3 quokkas (D:1)
  4 frilled lizards
  10 goblins
  7 rats
  A bush (D:8)
369 creatures vanquished.

Vanquished Creatures (others)
  29 fungi
  22 plants
51 creatures vanquished.

Grand Total: 420 creatures vanquished

Notes
Turn   | Place    | Note
-------+----------+-------------------------------------------
     0 | D:1      | RascalDebosk the Merfolk Ice Elementalist began the quest
                  | for the Orb.
     0 | D:1      | Reached XP level 1. HP: 13/13 MP: 3/3
   127 | D:1      | Found a faded altar of an unknown god.
   421 | D:1      | Reached XP level 2. HP: 19/19 MP: 1/5
   612 | D:1      | Reached skill level 3 in Dodging
   989 | D:2      | Found a blossoming altar of Fedhas.
  1112 | D:2      | Reached XP level 3. HP: 24/24 MP: 4/6
  1723 | D:3      | Reached skill level 1 in Conjurations
  1730 | D:3      | Found an opulent altar of Gozag.
  1742 | D:3      | Reached XP level 4. HP: 30/30 MP: 3/7
  2246 | D:3      | Found a burning altar of Makhleb.
  2451 | D:4      | Noticed an ogre
  2497 | D:3      | Learned a level 3 spell: Frozen Ramparts
  2501 | D:3      | Learned a level 3 spell: Ozocubu's Armour
  2511 | D:4      | Killed an ogre
  2512 | D:4      | Reached skill level 4 in Dodging
  2512 | D:4      | Reached skill level 5 in Ice Magic
  2512 | D:4      | Reached XP level 5. HP: 34/35 MP: 1/9
  2659 | D:4      | Found a glowing drain.
  2668 | Sewer    | Entered a sewer
  2671 | Sewer    | Noticed a kobold brigand
  2681 | Sewer    | Killed a kobold brigand
  2682 | Sewer    | Reached XP level 6. HP: 36/41 MP: 2/10
  3291 | Sewer    | Reached XP level 7. HP: 46/46 MP: 3/12
  3649 | D:4      | Found a snail-covered altar of Cheibriados.
  3654 | D:4      | Reached skill level 5 in Dodging
  4401 | D:4      | Found Zin's Purification Station.
  4404 | D:4      | Found a glowing silver altar of Zin.
  4413 | D:4      | Bought a potion of curing for 90 gold pieces
  4585 | D:4      | Identified the +12 hand axe of Pain and Death {drain, rC+
                  | rN+ Dex-4 SInv}
  4695 | D:5      | Entered Level 5 of the Dungeon
  4701 | D:5      | Learned a level 4 spell: Hailstorm
  4716 | D:5      | Found Beafygabb's Distillery.
  4723 | D:5      | Bought a potion of mutation for 96 gold pieces
  4875 | D:5      | Noticed Pikel
  4886 | D:5      | Killed Pikel
  4887 | D:5      | Reached skill level 6 in Dodging
  4887 | D:5      | Reached skill level 5 in Stealth
  4887 | D:5      | Reached XP level 8. HP: 44/52 MP: 7/14
  5117 | D:5      | Noticed Menkaure
  5146 | D:5      | Killed Menkaure
  5302 | D:5      | Reached skill level 1 in Axes
  5479 | D:5      | Found a broken altar of Ashenzari.
  5563 | D:5      | Found a runed translucent door.
  5564 | D:5      | Noticed Crazy Yiuf
  5572 | D:5      | Killed Crazy Yiuf
  5706 | D:6      | Reached skill level 9 in Dodging
  5706 | D:6      | Reached skill level 5 in Conjurations
  5706 | D:6      | Reached XP level 9. HP: 57/57 MP: 14/18
  6032 | D:6      | Reached XP level 10. HP: 63/63 MP: 13/19
  6153 | D:6      | Noticed Edmund
  6171 | D:6      | Killed Edmund
  6564 | D:6      | Found a staircase to the Ecumenical Temple.
  6580 | Temple   | Entered the Ecumenical Temple
  6662 | Temple   | Became a worshipper of Sif Muna the Loreminder
  7032 | D:6      | Found a sparkling altar of Nemelex Xobeh.
  7623 | D:7      | Found Qeamonon's Antique Armour Shop.
  7653 | D:7      | Found Sonwim's CLEARANCE SALE!.
  7666 | D:7      | Found a sacrificial altar of Ru.
  7991 | D:7      | Bought a steaming robe for 159 gold pieces
  7991 | D:7      | Identified the +1 robe "Kocour" {Harm rCorr} (You bought it
                  | in a shop on level 7 of the Dungeon)
  8475 | D:8      | Identified a scroll of acquirement
  8475 | D:8      | Acquired a +2 broad axe of flaming
  8696 | D:8      | Reached skill level 10 in Dodging
  8825 | D:8      | Reached * piety under Sif Muna
  8848 | D:8      | Noticed Maggie
  9338 | D:8      | Reached skill level 1 in Invocations
  9347 | D:8      | Killed Maggie
  9489 | D:8      | Found a blossoming altar of Fedhas.
  9841 | D:9      | Found the +10 tower shield of Ignorance {rN+ Int-4}
  9889 | D:9      | Found a runed translucent door.
  9897 | D:9      | Noticed an orange crystal statue
  9897 | D:9      | Noticed an orange crystal statue
  9897 | D:9      | Noticed an orange crystal statue
  9897 | D:9      | Noticed an orange crystal statue
 10054 | D:9      | Found a runed translucent door.
 10092 | D:9      | Reached XP level 11. HP: 68/68 MP: 7/21
 10838 | D:9      | Found an ornate altar of the Wu Jian Council.
 11410 | D:9      | Reached ** piety under Sif Muna
 11874 | D:10     | Entered Level 10 of the Dungeon
 12124 | D:10     | Found a staircase to the Lair.
 12137 | D:10     | Noticed Psyche
 12145 | D:10     | Killed Psyche
 12351 | D:10     | Noticed a two-headed ogre
 12360 | D:10     | Killed a two-headed ogre
 12361 | D:10     | Reached skill level 11 in Dodging
 12485 | D:10     | Reached skill level 10 in Stealth
 12949 | D:7      | Bought a faintly humming hat for 252 gold pieces
 12949 | D:7      | Identified the +1 hat "Hikoujas" {rN+ Will+ Int+5} (You
                  | bought it in a shop on level 7 of the Dungeon)
 13416 | D:10     | Noticed a two-headed ogre
 13435 | D:10     | Killed a two-headed ogre
 13628 | D:10     | Reached XP level 12. HP: 74/74 MP: 12/24
 14189 | D:11     | Learned a level 1 spell: Shock
 14346 | D:11     | Noticed a two-headed ogre
 14360 | D:11     | Killed a two-headed ogre
 14623 | D:11     | Reached *** piety under Sif Muna
 15257 | D:12     | Reached skill level 5 in Invocations
 15347 | D:12     | Reached skill level 1 in Air Magic
 15456 | D:12     | Noticed a seven-headed hydra
 15462 | D:12     | Killed a five-headed hydra
 15485 | D:12     | Reached skill level 10 in Ice Magic
 15492 | D:12     | Learned a level 3 spell: Swiftness
 15620 | D:12     | Reached skill level 12 in Dodging
 15748 | D:12     | Noticed a centaur warrior
 15754 | D:12     | Killed a centaur warrior
 16112 | D:12     | Found a staircase to the Orcish Mines.
 16300 | D:12     | Noticed a seven-headed hydra
 16309 | D:12     | Killed a five-headed hydra
 16428 | D:13     | Noticed a centaur warrior
 16447 | D:13     | Killed a centaur warrior
 16448 | D:13     | Reached XP level 13. HP: 53/79 MP: 9/25
 16811 | D:13     | Noticed a minotaur
 16821 | D:13     | Killed a minotaur
 16838 | D:13     | Reached **** piety under Sif Muna
 16865 | D:13     | Found the +18 Lear's hauberk
 16940 | D:13     | Noticed a vault guard
 16940 | D:13     | Noticed a vault guard
 17014 | D:13     | Reached skill level 1 in Poison Magic
 17017 | D:13     | Learned a level 2 spell: Poisonous Vapours
 17072 | D:13     | Identified the +1 leather armour of Atheism {-Tele Str+3
                  | Dex+3 Stlth+}
 17193 | D:13     | Killed a vault guard
 17245 | D:13     | Noticed a vault guard
 17340 | D:13     | Killed a vault guard
 17510 | D:13     | Reached skill level 13 in Dodging
 17538 | D:13     | Killed a vault guard
 17665 | D:13     | Found a gate to the Vaults.
 17665 | D:13     | Noticed a vault guard
 17669 | D:13     | Noticed a vault guard
 17679 | D:13     | Killed a vault guard
 17682 | D:13     | Killed a vault guard
 18003 | D:12     | Learned a level 4 spell: Airstrike
 18008 | D:12     | Learned a level 4 spell: Olgreb's Toxic Radiance
 18743 | D:14     | Noticed Jiolyugh's ghost (journeyman GrEE)
 18743 | D:14     | Noticed a lich
 18745 | D:14     | Noticed a sphinx
 18747 | D:14     | Noticed a frost giant
 18996 | D:14     | Found a runed translucent door.
 19004 | D:14     | Found a runed translucent door.
 19820 | D:15     | Entered Level 15 of the Dungeon
 19854 | D:15     | Noticed a fire giant
 19854 | D:15     | Found a staircase to the Depths.
 19859 | D:15     | Shot with a bolt by a yaktaur

Illustrated notes

Levels and vault maps discovered:
D:1:      tarquinn_simple_flora_water_c, layout_loops_cross,
          hellmonk_ecumenical_altar_crossroads
D:2:      layout_rooms, basic_altar
D:3:      layout_rooms, grunt_gozag_statues, lemuel_coloured_pillars_altar,
          kennysheep_nondescript
D:4:      minmay_chambers_of_threes, layout_basic, zin_purify, slow_altar_1,
          cheibrodos_sewer_entry_bend
D:5:      layout_loops_cross, mainiacjoe_overflow_boulevard, serial_shops,
          nicolae_shop_trees, uniq_pikel, uniq_crazy_yiuf_cottage, uniq_menkaure
D:6:      layout_loops_ring, nemelex_spade_bored_becter,
          minmay_temple_entry_mini_moons, uniq_edmund
D:7:      layout_loops_ring, nicolae_ru_awakened_eye, serial_shops,
          nicolae_shop_waterfront, nicolae_shop_clearance
D:8:      layout_loops_ring, mainiacjoe_overflow_24_doors,
          kb_lookout_dungeons_type, minmay_misc_feat_alley, grunt_potential,
          uniq_maggie
D:9:      layout_long_grid, mainiacjoe_overflow_cross_hatched,
          chequers_guarded_unrand_ignorance
D:10:     layout_loops_corners, minmay_lair_entry_grove, uniq_psyche
D:11:     layout_basic, nicolae_fountain_basement
D:12:     layout_loops_ring, minmay_orc_entry_temple_small
D:13:     layout_roguey, grunt_vaults_entry_fortified,
          hellmonk_guarded_unrand_lears
D:14:     layout_basic, muffindrake_ghost_dual_entry, dk_noncrumbling_4
D:15:     grunt_enter_depths_giant_problem, layout_cave_pools,
          serial_park_tiny_pond, chequers_serial_rivers_micro_b
Temple:   compressed_dpeg_triangle_lava_temple

Skill      XL: |  1  2  3  4  5  6  7  8  9 10 11 12 13 |
---------------+----------------------------------------+-----
Dodging        | 3 4 6 9 10 11 12 13 | 13.5
Conjurations   | 1 2 3 5 6 7 8 |  8.0
Stealth        | 3 4 5 8 9 10 11 12 | 12.2
Ice Magic      | 5 6 8 9 10 | 10.0
Spellcasting   | 3 4 6 7 8 9 |  9.5
Axes           | 3 4 |  4.6
Invocations    | 1 4 6 7 |  7.6
Air Magic      | 2 4 |  4.4
Poison Magic   | 4 |  4.0

Action                   |  1- 3 |  4- 6 |  7- 9 | 10-12 | 13-15 || total
-------------------------+-------+-------+-------+-------+-------++-------
Melee: Dagger            |     8 |    13 |       |     9 |       ||    30
       Punch             |     1 |       |       |     8 |     2 ||    11
       Tailslap          |       |     2 |       |       |     3 ||     5
       Hand axe          |       |       |    46 |   208 |    68 ||   322
       Broad axe         |       |       |       |    15 |     4 ||    19
 Cast: Freeze            |    47 |    48 |    67 |   131 |    21 ||   314
       Frozen Ramparts   |       |    11 |    32 |    93 |    29 ||   165
       Ozocubu's Armour  |       |     1 |     5 |    33 |     4 ||    43
       Hailstorm         |       |       |       |    51 |    29 ||    80
       Shock             |       |       |       |    82 |    81 ||   163
       Poisonous Vapours |       |       |       |       |    11 ||    11
       Swiftness         |       |       |       |       |     1 ||     1
Invok: Channel Magic     |       |       |       |     1 |       ||     1
Evoke: Wand              |       |       |       |     1 |       ||     1
  Use: Scroll            |       |       |    20 |    12 |     1 ||    33
       Potion            |       |       |     1 |    12 |     1 ||    14
 Stab: Distracted        |       |     1 |       |       |       ||     1
       Sleeping          |       |       |       |       |     1 ||     1
Armor: Robe              |    12 |     7 |    24 |    42 |       ||    85
       Swamp dragon scal |       |       |       |   150 |    82 ||   232
Dodge: Dodged            |    22 |    30 |    83 |   304 |    76 ||   515
Block: Other             |     5 |       |       |       |       ||     5
